 Dungeon Crawl Stone Soup version 0.31.0-11-ge490571c62 (webtiles) character file.

Game seed: 14127061296256819353

123 qw the Shooter (level 4, 0/22 HPs)
             Began as a Spriggan Hunter on Feb 4, 2024.
             Slain by a gnoll bouda
             ... wielding a +0 club
              (9 damage)
             ... on level 3 of the Dungeon.
             The game lasted 00:00:05 (1811 turns).

qw the Shooter (Spriggan Hunter)                    Turns: 1811, Time: 00:00:06

Health: 0/22       AC:  2    Str:  7    XL:     4   Next: 79%
Magic:  5/5        EV: 20    Int: 10    God:
Gold:   75         SH:  0    Dex: 20    Spells: 3/3 levels left

rFire   . . .        e - +2 shortbow (flame)
rCold   . . .        (shield currently unavailable)
rNeg    . . .        c - +0 robe
rPois   .            (helmet restricted)
rElec   .            (no cloak)
rCorr   .            (gloves unavailable)
SInv    +            (boots unavailable)
Will    .....        a - amulet of regeneration
Stlth   ++           (no ring)
HPRegen 1.03/turn    (no ring)
MPRegen 0.09/turn

%: no passive effects
@: very quick
A: very small, no large weapons, unfitting armour, see invisible, speed 3
a: no special abilities


You were on level 3 of the Dungeon.
You visited 1 branch of the dungeon, and saw 3 of its levels.

You collected 75 gold pieces.


Innate Abilities, Weirdness & Mutations

You are very small and have problems with some larger weapons.
You are too small for most types of armour.
You have supernaturally acute eyesight. (SInv)
You cover ground extremely quickly. (Speed+++)


   Skills:
 + Level 1.5 Fighting
 - Level 5.2 Ranged Weapons
 - Level 5.1 Dodging
 - Level 1.5 Stealth


You had 3 spell levels left.
You didn't know any spells.
Your spell library was empty.

Inventory:

Hand Weapons
 e - a +2 shortbow of flaming (weapon)
Armour
 c - a +0 robe (worn)
Jewellery
 a - an amulet of regeneration (around neck)
Scrolls
 b - a scroll of identify
Potions
 g - a potion of mutation {unknown}

Dungeon Overview and Level Annotations

Branches:
Dungeon (3/15)

Altars:
Wu Jian

Shops:
D:2 *

Annotations:
D:2 2 transporters


Message History

You shoot an arrow. The arrow hits the gnoll!
The arrow burns the gnoll.
You kill the gnoll!
You shoot an arrow. The arrow hits the gnoll!
The arrow burns the gnoll.
The gnoll is severely wounded.
A bat comes into view.
You shoot an arrow. The arrow barely misses the bat.
The bat completely misses you. The bat hits you.
Something hits the plant.
The plant begins to die.
The bat completely misses you.
Something hits the plant.
You shoot an arrow. The arrow misses the bat.
The bat closely misses you. The gnoll barely misses you.
Something hits the plant!
You shoot an arrow. The arrow hits the gnoll.
The arrow burns the gnoll.
You kill the gnoll!
The bat barely misses you.
The gnoll bouda hits you with a +0 club.
A gnoll comes into view. It is wielding a +0 spear.
Your Dodging skill increases to level 5!
You shoot an arrow. The arrow hits the gnoll bouda.
The arrow burns the gnoll bouda.
The gnoll bouda is lightly wounded.
The gnoll misses you. The gnoll barely misses you.
The gnoll bouda completely misses you.
You shoot an arrow.
The arrow hits the gnoll bouda but does no damage.
The gnoll bouda is lightly wounded.
The gnoll barely misses you. The gnoll misses you.
The gnoll bouda closely misses you.
You shoot an arrow. The arrow hits the gnoll bouda!
The arrow burns the gnoll bouda.
The gnoll bouda is heavily wounded.
A nearby plant withers and dies.
The gnoll misses you. x2
The gnoll bouda hits you with a +0 club!
You shoot an arrow. The arrow hits the gnoll bouda.
The arrow burns the gnoll bouda.
The gnoll bouda is severely wounded.
The gnoll misses you.
The gnoll hits you with a +2 flail of protection.
The gnoll bouda hits you with a +0 club!
You die...

#.# #..... #.# #.....
#.# #..... #.# #.....
##### #.# ####.# .....##
##.####.... PP....b##
#...##..#.. P....ggg#
#.#....###.
P.....#@######...#...#..
..Pg? #.......####.#...#
.gg. ##.####.# #.##.##


.gP #.# #.# #.#### .P ... #.# #.. . ##.#. #.# #.. #.#.##.# ### ... ...# ..# #.##
You could see a gnoll bouda, 2 gnolls and a bat.

Vanquished Creatures
  Terence (D:2)
  3 gnolls (D:3)
  An adder (D:3)
  A ribbon worm (D:2)
  3 dart slugs (D:1)
  6 ball pythons
  2 endoplasms (D:1)
  3 giant cockroaches (D:1)
  2 goblins
  5 hobgoblins
  3 jackals (D:1)
  6 quokkas
  2 bats
  3 frilled lizards
  4 kobolds
  2 rats (D:1)
47 creatures vanquished.

Notes
Turn   | Place    | Note
-------+----------+-------------------------------------------
     0 | D:1      | qw the Spriggan Hunter began the quest for the Orb.
     0 | D:1      | Reached XP level 1. HP: 10/10 MP: 2/2
     0 | D:1      | 0 ||| qw: Version: 0.3-a-160-g6735b56
     0 | D:1      | 0 ||| qw: Game counter: 4504
     0 | D:1      | 0 ||| qw: Melee chars always use a shield: true
     0 | D:1      | 0 ||| qw: God list: Okawaru
     0 | D:1      | 0 ||| qw: Allow faded altars: false
     0 | D:1      | 0 ||| qw: Do Orc after clearing Dungeon:15 true
     0 | D:1      | 0 ||| qw: Do second Lair branch before Depths: true
     0 | D:1      | 0 ||| qw: Lair rune preference: random
     0 | D:1      | 0 ||| qw: Goals: Normal
     0 | D:1      | 0 ||| PLANNING D:1-11
    60 | D:1      | Reached skill level 3 in Dodging
   111 | D:1      | Reached XP level 2. HP: 13/14 MP: 3/3
   412 | D:1      | Reached XP level 3. HP: 18/18 MP: 4/4
   891 | D:1      | 891 ||| READING scroll labelled QIEHOO YRES.
   891 | D:1      | 891 ||| ENCHANTING +0 shortbow.
   892 | D:1      | 892 ||| READING scroll labelled KAAREU KAUTSEK.
   993 | D:1      | 993 ||| READING scroll labelled FAUTIH PUTHU.
   994 | D:1      | 994 ||| READING scroll labelled DUDORE KUYREWU.
   994 | D:1      | Identified a scroll of acquirement
   994 | D:1      | 994 ||| ACQUIRING +1 shortbow of flaming
   994 | D:1      | Acquired a +1 shortbow of flaming
   996 | D:1      | 996 ||| SWAPPING to +1 shortbow of flaming.
   997 | D:1      | 997 ||| DROPPING +1 shortbow.
   998 | D:1      | 998 ||| DROPPING scroll of butterflies.
  1138 | D:2      | Noticed Terence
  1145 | D:2      | Killed Terence
  1146 | D:2      | Reached XP level 4. HP: 22/22 MP: 5/5
  1226 | D:2      | Found an ornate altar of the Wu Jian Council.
  1279 | D:2      | Found a transporter.
  1279 | D:2      | Found Mebb's General Store.
  1410 | D:2      | 1410 ||| READING scroll of enchant weapon.
  1410 | D:2      | 1410 ||| ENCHANTING +1 shortbow of flaming.
  1608 | D:2      | Found a transporter.
  1611 | D:2      | 1611 ||| UPGRADING to amulet of regeneration.
  1616 | D:2      | 1616 ||| READING scroll labelled SORUAN GOIDGH.
  1617 | D:2      | 1617 ||| READING scroll labelled CIDOYTR JIESA.
  1618 | D:2      | 1618 ||| READING scroll labelled EDASMA YHOE.
  1619 | D:2      | 1619 ||| READING scroll labelled POZXETAUMU.
  1619 | D:2      | 1619 ||| IDENTIFYING white potion
  1620 | D:2      | 1620 ||| DROPPING potion of attraction.
  1622 | D:2      | 1622 ||| Stepping ~*~*~tactically~*~*~ (cloud).
  1798 | D:3      | 1798 ||| RETREEEEATING.
  1811 | D:3      | Slain by a gnoll bouda

Levels and vault maps discovered:
D:1:      minmay_arrival_cross, layout_basic
D:2:      layout_loops_ring, serial_shops, nicolae_shop_drivethru, basic_altar,
          uniq_terence
D:3:      layout_loops_cross, hellmonk_overflow_destroyed_library,
          elyvilon_altar_4, nicolae_grassy_gnolls

Skill      XL: |  1  2  3  4 |
---------------+-------------+-----
Dodging        | 3 4 5 |  5.1
Ranged Weapons | 5 |  5.2
Fighting       | |  1.5
Stealth        | |  1.5

Action                     |  1- 3 |  4- 6 || total
---------------------------+-------+-------++-------
   Fire: Shortbow          |   118 |    24 ||   142
    Use: Scroll            |     4 |     5 ||     9
 Armour: Robe              |    16 |     6 ||    22
  Dodge: Dodged            |    52 |    20 ||    72

Table legend:
 A = Non-vault XP
 B = Vault XP
 C = Vault XP percentage of total XP
 D = Non-vault monster count
 E = Vault monster count
 F = Vault count percentage of total count
                 A         B        C        D         E       F
            +---------+---------+-------+---------+---------+-------
      Total |      96 |      80 |  45.5 |      43 |       4 |   8.5
            +---------+---------+-------+---------+---------+-------
        D:1 |      60 |       0 |   0.0 |      31 |       0 |   0.0
        D:2 |      21 |      36 |  63.2 |      10 |       1 |   9.1
        D:3 |      15 |      44 |  74.6 |       2 |       3 |  60.0
            +---------+---------+-------+---------+---------+-------
